AoeStats
← 騷護士

Baltic

510426699Analyzed
4v4 RM · 2d ago on Oct 1, 2026· 53m 21s· 8 players
Game mode
Random Map
Map size
Large (8 player)
Population
200
Speed
Normal
Resources
Standard
Victory
Conquest
Starting age
Dark Age
Ending age
Imperial Age
RankedLock teamsTeams togetherTeam positionsShared explorationLock speedFull tech treeHidden civsTurbo modeCheats
Victory
Defeat
🇦🇷 Ethiopians · Argentina
1618
+15
🇵🇪 Vikings · Peru
1567
+17
🇧🇷 Italians · Brazil
1536
+18
🇺🇸 Persians · United States
1510
+19
🇧🇷 Persians · Brazil
1703
-22
🇧🇷 Dravidians · Brazil
1676
-21
🇹🇼 Varangians · Taiwan
1560
-16
🇧🇷 Mongols · Brazil
1408
-10
random_aoe_user
10:40 Feudal Age
11:21 Double-Bit Axe
15:22 Forging
18:13 Castle Age
17:21 Double-Bit Axe
19:01 Medium Warships
22:12 Clinker Construction
22:05 Loom
23:00 Bow Saw
28:18 Careening
28:51 Horse Collar
31:04 Wheelbarrow
30:40 Gold Mining
36:48 Imperial Age
35:14 Stone Mining
35:39 Heavy Plow
36:50 Gold Shaft Mining
36:51 Stone Shaft Mining
36:34 Hand Cart
37:36 Heavy Warships
38:13 Chemistry
38:19 Iron Casting
38:49 Scale Barding Armor
39:50 Dry Dock
40:24 Chain Barding Armor
39:34 Cavalier
39:47 Elite Cannon Galleon
40:59 Bloodlines
40:50 Husbandry
42:30 Plate Barding Armor
41:28 Savar
43:18 Blast Furnace
44:23 Two-Man Saw
43:54 Crop Rotation
43:48 Conscription
45:06 Ballistics
46:28 Heavy Camel Rider
50:13 Town Watch
50:38 Caravan
52:26 Guilds
[LAK] CholoPayet
6:51 Loom
10:59 Feudal Age
15:09 Castle Age
14:16 Double-Bit Axe
14:37 Fletching
16:11 Bodkin Arrow
21:43 Ballistics
24:23 Horse Collar
26:03 Bow Saw
27:38 Treadmill Crane
34:35 Imperial Age
31:52 Town Watch
32:44 Padded Archer Armor
33:22 Pikeman
34:02 Squires
34:03 Scale Mail Armor
35:27 Elite Varangian Guard
36:46 Chain Mail Armor
36:34 Bracer
36:51 Chain Mail Armor
37:26 Capped Ram
38:49 Plate Mail Armor
38:30 Forging
39:56 Iron Casting
39:36 Siege Ram
42:48 Blast Furnace
42:09 Conscription
41:57 Chieftains
43:36 Padded Archer Armor
43:47 Elite Berserk
47:35 Masonry
48:40 Murder Holes
49:16 Architecture
50:18 Caravan
53:16 Arson
Suricata Tactica
6:36 Loom
9:27 Feudal Age
13:41 Fletching
14:20 Double-Bit Axe
14:20 Horse Collar
22:33 Castle Age
20:49 Gold Mining
21:11 Padded Archer Armor
22:37 Crossbowman
23:12 Bodkin Arrow
23:48 Bow Saw
24:37 Leather Archer Armor
25:31 Wheelbarrow
26:51 Stone Mining
28:44 Ballistics
31:17 Gold Shaft Mining
35:13 Imperial Age
35:30 Arbalester
36:10 Bracer
39:12 Chemistry
38:18 Thumb Ring
38:42 Heavy Plow
40:07 Hand Cart
41:56 Ring Archer Armor
42:36 Conscription
42:28 Squires
42:28 Scale Mail Armor
42:39 Forging
42:47 Halberdier
43:43 Chain Mail Armor
45:04 Iron Casting
45:21 Arson
46:07 Plate Mail Armor
45:47 Caravan
46:17 Coinage
45:58 Guilds
46:05 Siege Engineers
47:50 Blast Furnace
50:26 Two-Man Saw
50:47 Town Watch
53:03 Banking
53:12 Royal Heirs
Karzul
10:38 Feudal Age
8:55 Loom
15:35 Fletching
20:02 Castle Age
19:19 Double-Bit Axe
19:25 Gold Mining
20:06 Crossbowman
31:30 Ballistics
35:55 Bow Saw
35:26 Horse Collar
36:14 Bodkin Arrow
36:24 Heavy Plow
36:44 Town Watch
40:28 Imperial Age
39:24 Wheelbarrow
39:00 Padded Archer Armor
39:43 Bloodlines
38:54 Light Cavalry
39:41 Scale Barding Armor
40:54 Husbandry
41:04 Forging
41:16 Chain Barding Armor
41:18 Bracer
42:20 Chemistry
41:45 Conscription
41:11 Arbalester
41:58 Thumb Ring
42:55 Masonry
42:09 Elite Skirmisher
43:50 Chain Barding Armor
45:15 Hussar
48:48 Iron Casting
53:18 Leather Archer Armor
Fs.Nx Imperial
10:36 Feudal Age
11:05 Double-Bit Axe
14:06 Horse Collar
18:35 Castle Age
17:56 Scale Barding Armor
18:12 Bloodlines
18:51 Loom
19:55 Husbandry
23:21 Forging
24:11 Chain Barding Armor
33:50 Bow Saw
34:56 Wheelbarrow
37:42 Imperial Age
37:11 Hand Cart
37:00 Heavy Plow
37:22 Cavalier
38:38 Plate Barding Armor
39:14 Iron Casting
38:50 Heavy Camel Rider
38:55 Savar
40:07 Conscription
41:07 Fletching
41:49 Kamandaran
42:14 Crossbowman
43:00 Thumb Ring
42:52 Bodkin Arrow
44:09 Padded Archer Armor
45:10 Blast Furnace
45:42 Chemistry
45:03 Ballistics
47:16 Leather Archer Armor
51:38 Light Cavalry
Fs.Igor
8:53 Loom
10:44 Feudal Age
12:42 Double-Bit Axe
12:49 Gold Mining
13:00 Fletching
13:10 Padded Archer Armor
22:09 Horse Collar
28:51 Castle Age
28:14 Stone Mining
29:02 Wheelbarrow
28:12 Town Watch
30:09 Bow Saw
30:00 Heavy Plow
32:11 Medium Warships
32:56 Bodkin Arrow
48:51 Hand Cart
50:52 Caravan
51:26 Leather Archer Armor
51:18 Thumb Ring
騷護士
7:09 Loom
10:05 Feudal Age
11:34 Double-Bit Axe
14:56 Castle Age
13:43 Gold Mining
15:51 Fletching
16:41 Wheelbarrow
33:19 Bow Saw
33:44 Ballistics
39:16 Imperial Age
38:47 Stone Mining
40:32 Vendel Legacy
42:05 Scale Barding Armor
43:15 Two-Man Saw
42:15 Cavalier
43:07 Bloodlines
42:58 Husbandry
43:45 Conscription
44:21 Chain Barding Armor
44:12 Forging
45:39 Plate Barding Armor
45:48 Plate Barding Armor
47:43 Horse Collar
51:18 Iron Casting
Fs.Nicolau Mendes
7:11 Loom
9:32 Feudal Age
12:55 Man-at-Arms
17:44 Fletching
20:45 Castle Age
18:57 Padded Archer Armor
19:09 Double-Bit Axe
20:56 Crossbowman
21:33 Bodkin Arrow
21:48 Bow Saw
21:40 Padded Archer Armor
22:10 Elite Skirmisher
22:54 Elite Skirmisher
28:48 Horse Collar
36:51 Wheelbarrow
36:56 Medium Warships
39:38 Imperial Age
36:53 Crossbowman
38:26 Thumb Ring
39:41 Arbalester
40:22 Bracer
40:57 Conscription
43:14 Chemistry
43:12 Ballistics
43:09 Leather Archer Armor
43:20 Masonry
46:27 Ring Archer Armor
51:47 Elite Elephant Archer
52:57 Medical Corps
Connection lost

Rejoining the realm…

Still unreachable

The connection could not be restored.

Session expired

The server has moved on; the page needs a fresh start.